 Dungeon Crawl Stone Soup version 0.30-a0-377-g5cb311bc9f (webtiles) character file.

Game seed: 17305515420765252951

3837 endege the Cleaver (level 10, -7/63 HPs)
             Began as a Gargoyle Fighter on Nov 30, 2022.
             Was an Initiate of Trog.
             Mangled by a hell rat (8 damage)
             ... on level 8 of the Dungeon.
             The game lasted 00:11:50 (6141 turns).

endege the Cleaver (Gargoyle Fighter)               Turns: 6141, Time: 00:11:51

Health: -7/63      AC: 28    Str: 23    XL:     10   Next: 18%
Magic:  10/10      EV:  8    Int: 10    God:    Trog [......]
Gold:   168        SH: 10    Dex:  9    Spells: 9/9 levels left

rFire   . . .      SeeInvis .    Y - +1 war axe (venom)
rCold   . . .      Faith    .    c - +0 buckler
rNeg    + . .      Spirit   .    n - +0 chain mail
rPois   inf        Reflect  +    (no helmet)
rElec   +          Harm     .    s - +2 cloak
rCorr   .          Rampage  .    (no gloves)
Will    .....                    f - +2 pair of boots
Stlth   ..........               t - amulet of reflection
HPRegen 0.30/turn                b - +4 ring of protection
MPRegen 0.12/turn                (no ring)

@: about to teleport, on berserk cooldown, slowed, very slow
A: sickness immunity, AC +7, negative energy resistance 1, electricity
resistance, torment resistance 1, petrification resistance
a: Renounce Religion


You were on level 8 of the Dungeon.
You worshipped Trog.
Trog was noncommittal.
You visited 2 branches of the dungeon, and saw 9 of its levels.
You also visited: Sewer.

You collected 300 gold pieces.
You spent 132 gold pieces at shops.


Innate Abilities, Weirdness & Mutations

You are immune to sickness and miasma.
Your stone body is resilient. (AC +7)
You are immune to poison.
You resist negative energy. (rN+)
You are resistant to electric shocks. (rElec)
You are resistant to unholy torment.
You are immune to petrification.


   Skills:
 + Level 7.0 Fighting
 - Level 10.1 Axes
 - Level 1.2 Throwing
 - Level 6.7 Armour
 - Level 1.4 Dodging
 - Level 6.0 Shields


You had 9 spell levels left.
You didn't know any spells.
Your spell library was empty.

Inventory:

Hand Weapons
 l - a +1 hand axe of flaming
 Y - a +1 war axe of venom (weapon)
Missiles
 o - 18 boomerangs (quivered)
Armour
 c - a +0 buckler (worn)
 f - a +2 pair of boots (worn)
 n - a +0 chain mail (worn)
 s - a +2 cloak (worn)
Jewellery
 b - a +4 ring of protection (left hand)
 t - an amulet of reflection (around neck)
Scrolls
 g - a scroll of identify
Potions
 d - 2 potions of might
 e - 4 potions of curing
 h - a potion of resistance
 i - 2 potions of cancellation
 j - a potion of flight {unknown}
 k - 4 potions of mutation
 m - a potion of haste {unknown}
 q - a potion of ambrosia {unknown}

Dungeon Overview and Level Annotations

Branches:
Dungeon (8/15)             Temple (1/1) D:6           Sewer (visited)
   Lair: D:8-11

Altars:
Ashenzari
Cheibriados
Elyvilon
Fedhas
Gozag
Hepliaklqana
Kikubaaqudgha
Makhleb
Okawaru
Qazlal
Ru
Sif Muna
Trog
Uskayaw
Vehumet
Wu Jian
Xom
Yredelemnul
Zin

Shops:
D:5 !

Annotations:
D:5 2 transporters


Message History

You are exhausted.
You feel yourself slow down.
You hit the death yak.
The death yak looks as sick as possible!
The death yak is moderately wounded.
You barely miss the hell rat. You block the hell rat's attack.
The death yak gores you!! You block the hell rat's attack.
The death yak gores you but does no damage.
You barely miss the death yak.
The death yak is heavily wounded.
You barely miss the hell rat.
The hell rat bites you but does no damage.
The quokka twitches its whiskers.
You block the death yak's attack.
The hell rat twitches its whiskers.
The hell rat bites you.
You hit the death yak but do no damage.
The death yak looks as sick as possible!
The death yak is heavily wounded.
You hit the hell rat.
The hell rat is poisoned.
The death yak barely misses you.
The hell rat bites you but does no damage.
The death yak gores you. The hell rat completely misses you.
6139 ||| READING scroll of teleportation.
As you read the scroll of teleportation, it crumbles to dust.
You feel strangely unstable.
The hell rat bites you but does no damage.
The death yak gores you but does no damage.
The hell rat bites you but does no damage.
You completely miss the death yak.
The death yak is heavily wounded.
You closely miss the hell rat. The death yak gores you!
The hell rat closely misses you.
The death yak gores you but does no damage.
You slash the death yak!
The death yak is severely wounded.
You slash the hell rat! The hell rat bites you!
You die...

#.# #.#
##########.# #..
#.# #..........#
##.###.##########
##...##.#
#.....#.#
##.[.##.#
##.###.#
#.#######r###.#
#......rrY@)..#
......#########
..r.. ...r ... ..
.


You could see a death yak (extremely poisoned), a hell rat (poisoned), a quokka
and a rat.

Vanquished Creatures
  2 death yaks (D:8)
  Pikel (D:7)
  4 water moccasins
  3 ice beasts
  A sky beast (D:6)
  A centaur (D:7)
  3 lemures (D:7)
  2 phantoms (D:5)
  4 bullfrogs
  A necrophage (D:6)
  An electric eel (D:7)
  5 hounds
  3 orc priests
  3 iguanas (D:5)
  9 orc wizards
  2 hell rats
  8 adders
  2 river rats (Sewer)
  A shadow imp (D:5)
  2 white imps
  2 ufetubi (D:5)
  4 worms
  A dart slug (D:1)
  48 orcs
  7 bats
  4 endoplasms
  7 giant cockroaches
  5 goblins
  9 hobgoblins
  4 kobolds
  3 quokkas
  5 ball pythons
  A frilled lizard (D:1)
  8 rats
166 creatures vanquished.

Vanquished Creatures (others)
  A human (D:6)
1 creature vanquished.

Grand Total: 167 creatures vanquished

Notes
Turn   | Place    | Note
-------+----------+-------------------------------------------
     0 | D:1      | endege the Gargoyle Fighter began the quest for the Orb.
     0 | D:1      | Reached XP level 1. HP: 14/14 MP: 1/1
     0 | D:1      | 0 ||| qw: Version:
     0 | D:1      | 0 ||| qw: Game counter: 87
     0 | D:1      | 0 ||| qw: Always use a shield: true
     0 | D:1      | 0 ||| qw: God list: Trog, Okawaru, Makhleb, Ru
     0 | D:1      | 0 ||| qw: Allow faded altars: false
     0 | D:1      | 0 ||| qw: Do Orc after D:15 true
     0 | D:1      | 0 ||| qw: Do second Lair branch before Depths: true
     0 | D:1      | 0 ||| qw: Lair rune preference: random
     0 | D:1      | 0 ||| qw: Plans: Normal
     0 | D:1      | 0 ||| PLANNING D:1-11
     3 | D:1      | Noticed an electric eel
     4 | D:1      | Noticed an electric eel
    31 | D:1      | Reached skill level 2 in Axes
    98 | D:1      | 98 ||| Stepping ~*~*~tactically~*~*~ (stealth).
   112 | D:1      | 112 ||| Stepping ~*~*~tactically~*~*~ (stealth).
   190 | D:1      | Reached XP level 2. HP: 19/19 MP: 2/2
   586 | D:1      | 586 ||| UPGRADING to +0 pair of boots.
   591 | D:1      | 591 ||| READING scroll labelled ORPHUSI TOILLUN.
   594 | D:1      | 594 ||| READING scroll labelled DORRYHO MOMMIM.
   595 | D:1      | 595 ||| READING scroll labelled KAULUSTR HOZE.
   706 | D:2      | 706 ||| Stepping ~*~*~tactically~*~*~ (stealth).
   708 | D:2      | 708 ||| Stepping ~*~*~tactically~*~*~ (stealth).
   711 | D:2      | 711 ||| Stepping ~*~*~tactically~*~*~ (stealth).
   715 | D:2      | 715 ||| Stepping ~*~*~tactically~*~*~ (stealth).
   741 | D:2      | Reached skill level 3 in Axes
   782 | D:2      | Reached XP level 3. HP: 20/23 MP: 3/3
   915 | D:2      | 915 ||| Stepping ~*~*~tactically~*~*~ (stealth).
  1248 | D:2      | 1248 ||| READING 3 scrolls labelled TECUOS LIOMNUCYCE.
  1249 | D:2      | 1249 ||| READING scroll labelled VUSTRI HUHOY.
  1250 | D:2      | 1250 ||| READING 2 scrolls of identify.
  1250 | D:2      | 1250 ||| IDENTIFYING smoky emerald potion
  1251 | D:2      | 1251 ||| DROPPING potion of lignification.
  1272 | D:3      | 1272 ||| PLANNING SEWER
  1440 | D:3      | Reached XP level 4. HP: 28/28 MP: 4/4
  1498 | D:3      | 1498 ||| Stepping ~*~*~tactically~*~*~ (hiding).
  1499 | D:3      | 1499 ||| Stepping ~*~*~tactically~*~*~ (hiding).
  1500 | D:3      | 1500 ||| Stepping ~*~*~tactically~*~*~ (hiding).
  1510 | D:3      | Reached skill level 4 in Axes
  1516 | D:3      | 1516 ||| DROPPING +0 whip.
  1599 | D:3      | Found a glowing drain.
  1600 | D:3      | 1600 ||| UPGRADING to amulet of regeneration.
  1605 | D:3      | 1605 ||| Stepping ~*~*~tactically~*~*~ (stealth).
  1606 | D:3      | 1606 ||| DRINKING 3 blue potions.
  1607 | D:3      | 1607 ||| READING 3 scrolls of identify.
  1607 | D:3      | 1607 ||| IDENTIFYING puce potion
  1608 | D:3      | 1608 ||| READING 2 scrolls of identify.
  1608 | D:3      | 1608 ||| IDENTIFYING dark potion
  1609 | D:3      | 1609 ||| DROPPING 2 potions of brilliance.
  1610 | D:3      | 1610 ||| DROPPING potion of degeneration.
  1642 | Sewer    | Entered a sewer
  1656 | Sewer    | 1656 ||| Stepping ~*~*~tactically~*~*~ (water).
  1663 | Sewer    | Reached XP level 5. HP: 32/32 MP: 5/5
  1693 | Sewer    | 1693 ||| Stepping ~*~*~tactically~*~*~ (water).
  1757 | Sewer    | 1757 ||| READING scroll labelled EQUCSOKKUC.
  1765 | D:3      | 1765 ||| PLANNING D:1-11
  1839 | D:3      | You fall into a shaft and drop 1 floor!
  1848 | D:4      | Reached skill level 5 in Axes
  1925 | D:4      | 1925 ||| FLEEEEING.
  1926 | D:4      | 1926 ||| FLEEEEING.
  1927 | D:4      | 1927 ||| FLEEEEING.
  1928 | D:4      | 1928 ||| STAIRDANCE
  2313 | D:3      | 2313 ||| READING 2 scrolls of identify.
  2313 | D:3      | 2313 ||| IDENTIFYING fuming clear potion
  2374 | D:4      | Found a broken altar of Ashenzari.
  2541 | D:4      | 2541 ||| Stepping ~*~*~tactically~*~*~ (hiding).
  2543 | D:4      | 2543 ||| Stepping ~*~*~tactically~*~*~ (hiding).
  2907 | D:4      | Found a snail-covered altar of Cheibriados.
  2962 | D:4      | Reached XP level 6. HP: 38/38 MP: 6/6
  3278 | D:4      | Reached skill level 1 in Dodging
  3278 | D:4      | 3278 ||| UPGRADING to +0 chain mail.
  3288 | D:4      | 3288 ||| DROPPING +0 scale mail.
  3289 | D:4      | 3289 ||| DRINKING 2 silvery potions.
  3290 | D:4      | 3290 ||| READING 4 scrolls of identify.
  3290 | D:4      | 3290 ||| IDENTIFYING sedimented puce potion
  3291 | D:4      | 3291 ||| READING 3 scrolls of identify.
  3291 | D:4      | 3291 ||| IDENTIFYING bubbling orange potion
  3292 | D:4      | 3292 ||| READING 2 scrolls of identify.
  3292 | D:4      | 3292 ||| IDENTIFYING glowing pink potion
  3293 | D:4      | 3293 ||| DROPPING potion of attraction.
  3324 | D:5      | Entered Level 5 of the Dungeon
  3454 | D:5      | 3454 ||| Stepping ~*~*~tactically~*~*~ (hiding).
  3511 | D:5      | 3511 ||| Stepping ~*~*~tactically~*~*~ (hiding).
  3528 | D:5      | Reached skill level 6 in Axes
  3528 | D:5      | Reached XP level 7. HP: 28/43 MP: 7/7
  3576 | D:5      | Found a transporter.
  3581 | D:5      | 3581 ||| Stepping ~*~*~tactically~*~*~ (stealth).
  3582 | D:5      | 3582 ||| Stepping ~*~*~tactically~*~*~ (stealth).
  3635 | D:5      | HP: 10/43 [orc/+4 trident (7)]
  3636 | D:5      | 3636 ||| DRINKING potion of heal wounds.
  3670 | D:5      | 3670 ||| READING scroll of enchant armour.
  3670 | D:5      | 3670 ||| ENCHANTING +0 pair of boots.
  3685 | D:5      | Found Etuo's Distillery.
  3690 | D:5      | 3690 ||| BUYING potion of cancellation (96 gold).
  3690 | D:5      | Bought a potion of cancellation for 96 gold pieces
  3690 | D:5      | 3690 ||| BUYING potion of curing (36 gold).
  3690 | D:5      | Bought a potion of curing for 36 gold pieces
  3752 | D:5      | Reached skill level 7 in Axes
  4004 | D:5      | Found a transporter.
  4317 | D:5      | Reached skill level 1 in Throwing
  4317 | D:5      | Reached XP level 8. HP: 30/49 MP: 8/8
  4340 | D:5      | 4340 ||| UPGRADING to +4 ring of protection.
  4341 | D:5      | 4341 ||| READING 2 scrolls of identify.
  4341 | D:5      | 4341 ||| IDENTIFYING glowing amethyst potion
  4342 | D:5      | 4342 ||| DROPPING potion of magic.
  4373 | D:6      | 4373 ||| Stepping ~*~*~tactically~*~*~ (stealth).
  4375 | D:6      | 4375 ||| Stepping ~*~*~tactically~*~*~ (hiding).
  4376 | D:6      | 4376 ||| Stepping ~*~*~tactically~*~*~ (hiding).
  4377 | D:6      | 4377 ||| Stepping ~*~*~tactically~*~*~ (hiding).
  4382 | D:6      | 4382 ||| FLEEEEING.
  4383 | D:6      | 4383 ||| STAIRDANCE
  4463 | D:6      | 4463 ||| Stepping ~*~*~tactically~*~*~ (hiding).
  4624 | D:6      | 4624 ||| Stepping ~*~*~tactically~*~*~ (hiding).
  4640 | D:6      | Reached skill level 8 in Axes
  4648 | D:6      | Reached skill level 6 in Fighting
  4778 | D:6      | Found an ancient bone altar of Kikubaaqudgha.
  4781 | D:6      | Found a staircase to the Ecumenical Temple.
  4782 | D:6      | 4782 ||| PLANNING TEMPLE
  4782 | D:6      | 4782 ||| STAIRDANCE
  4795 | D:5      | 4795 ||| READING scroll labelled QANTEO BUZ UFI.
  4796 | D:5      | 4796 ||| READING scroll labelled WUISIT MONAVEL.
  4806 | Temple   | Entered the Ecumenical Temple
  4832 | Temple   | 4832 ||| PLANNING OKAWARU WORSHIP
  4839 | Temple   | Became a worshipper of Trog the Wrathful
  4840 | Temple   | 4840 ||| PLANNING D:1-11
  4861 | D:6      | 4861 ||| READING scroll of enchant armour.
  4861 | D:6      | 4861 ||| ENCHANTING +1 pair of boots.
  5014 | D:6      | 5014 ||| READING scroll labelled NICIRY XEOXKEE.
  5024 | D:6      | 5024 ||| READING scroll labelled TAMYOPOUTI.
  5075 | D:7      | Reached XP level 9. HP: 56/56 MP: 9/9
  5112 | D:7      | 5112 ||| Stepping ~*~*~tactically~*~*~ (hiding).
  5119 | D:7      | Reached skill level 9 in Axes
  5236 | D:7      | 5236 ||| Stepping ~*~*~tactically~*~*~ (stealth).
  5322 | D:7      | Noticed Pikel
  5340 | D:7      | Killed Pikel
  5341 | D:7      | Reached skill level 6 in Shields
  5367 | D:7      | 5367 ||| Stepping ~*~*~tactically~*~*~ (stealth).
  5424 | D:7      | 5424 ||| Stepping ~*~*~tactically~*~*~ (hiding).
  5505 | D:7      | Found a basalt altar of Yredelemnul.
  5597 | D:7      | Found a sacrificial altar of Ru.
  5787 | D:7      | 5787 ||| UPGRADING to +2 cloak.
  5792 | D:7      | 5792 ||| DROPPING amulet of the acrobat.
  5793 | D:7      | 5793 ||| UPGRADING to amulet of reflection.
  5803 | D:7      | 5803 ||| DROPPING amulet of regeneration.
  5829 | D:8      | 5829 ||| Stepping ~*~*~tactically~*~*~ (hiding).
  5942 | D:8      | Reached * piety under Trog
  6109 | D:8      | Noticed a death yak
  6112 | D:8      | 6112 ||| Stepping ~*~*~tactically~*~*~ (stealth).
  6113 | D:8      | 6113 ||| Stepping ~*~*~tactically~*~*~ (stealth).
  6114 | D:8      | 6114 ||| Stepping ~*~*~tactically~*~*~ (stealth).
  6116 | D:8      | Noticed a death yak
  6117 | D:8      | 6117 ||| INVOKING Berserk.
  6123 | D:8      | Noticed a death yak
  6128 | D:8      | Killed a death yak
  6129 | D:8      | Reached skill level 6 in Armour
  6129 | D:8      | Reached XP level 10. HP: 59/63 MP: 10/10
  6132 | D:8      | Killed a death yak
  6133 | D:8      | Reached skill level 10 in Axes
  6138 | D:8      | HP: 14/63 [death yak (6)]
  6139 | D:8      | 6139 ||| READING scroll of teleportation.
  6140 | D:8      | HP: 1/63 [death yak (14)]
  6141 | D:8      | Mangled by a hell rat

Levels and vault maps discovered:
D:1:      arrival_aquarium_b, layout_loops_ring
D:2:      minmay_spotlight, layout_basic, minmay_tetromino_i2
D:3:      layout_loops_corners, cheibrodos_sewer_entry_drain
D:4:      layout_basic, lemuel_tele_altar, marbit_many_paths
D:5:      gammafunk_cloud_chamber, layout_cave_pods, serial_shops,
          nicolae_shop_behind_doors, grunt_tough_drop
D:6:      layout_cave_pools, tgw_kikubaaqudgha, minmay_temple_entry_grid
D:7:      old_forge, layout_cave_pools, mainiacjoe_overflow_catch_the_wave,
          serial_column_ruins, column_ruins_pillar_4, column_ruins_pillar_6,
          column_ruins_pillar_1, column_ruins_pillar_9, column_ruins_pillar_3,
          column_ruins_pillar_7, column_ruins_pillar_11, column_ruins_pillar_1,
          column_ruins_pillar_4, column_ruins_pillar_9, column_ruins_pillar_2,
          column_ruins_pillar_1, column_ruins_pillar_4, column_ruins_pillar_1,
          column_ruins_pillar_3, column_ruins_pillar_8, column_ruins_pillar_6,
          column_ruins_pillar_6, kennysheep_big_empty_room, minivault_4,
          uniq_pikel
D:8:      layout_loops_corners, pf_just_have_faith, dpeg_lair_monsters
Temple:   nicolae_temple_ecumenical_triangle

Skill      XL: |  1  2  3  4  5  6  7  8  9 10 |
---------------+-------------------------------+-----
Axes           | 2 3 4 5 6 7 8 9 10 | 10.1
Fighting       | 4 5 6 7 |  7.0
Dodging        | 1 |  1.4
Throwing       | 1 |  1.2
Armour         | 4 6 |  6.7
Shields        | 6 |  6.0

Action                   |  1- 3 |  4- 6 |  7- 9 | 10-12 || total
-------------------------+-------+-------+-------+-------++-------
Melee: War axe           |   115 |   184 |   293 |    12 ||   604
Throw: Boomerang         |       |     5 |    35 |       ||    40
Invok: Berserk           |       |       |     1 |       ||     1
  Use: Scroll            |     6 |     7 |     7 |     1 ||    21
       Potion            |       |     2 |     1 |       ||     3
Armor: Scale mail        |    57 |    50 |       |       ||   107
       Chain mail        |       |    37 |   296 |    10 ||   343
Dodge: Dodged            |    50 |    64 |   117 |     5 ||   236
Block: Buckler           |    23 |    32 |    89 |     3 ||   147

Table legend:
 A = Non-vault XP
 B = Vault XP
 C = Vault XP percentage of total XP
 D = Non-vault monster count
 E = Vault monster count
 F = Vault count percentage of total count
                 A         B        C        D         E       F
            +---------+---------+-------+---------+---------+-------
      Total |    2868 |    2614 |  47.7 |     137 |      26 |  16.0
            +---------+---------+-------+---------+---------+-------
        D:1 |      22 |       0 |   0.0 |      11 |       0 |   0.0
        D:2 |      42 |       7 |  14.3 |      17 |       4 |  19.0
        D:3 |      94 |       9 |   8.7 |      18 |       3 |  14.3
        D:4 |     137 |       2 |   1.4 |      16 |       1 |   5.9
        D:5 |     803 |     220 |  21.5 |      33 |       5 |  13.2
        D:6 |     807 |       0 |   0.0 |      15 |       0 |   0.0
        D:7 |     916 |     663 |  42.0 |      22 |       1 |   4.3
        D:8 |      47 |    1650 |  97.2 |       5 |       4 |  44.4
      Sewer |       0 |      63 | 100.0 |       0 |       8 | 100.0
            +---------+---------+-------+---------+---------+-------
